 Dungeon Crawl Stone Soup version 0.15.0-33-gdde9071 (console) character file.

6794 gw the Basher (level 10, -2/92 (94) HPs)
             Began as a Deep Dwarf Gladiator on Sept 14, 2014.
             Was a Priest of Makhleb.
             Slain by a hill giant
             ... wielding a +0 giant spiked club
              (10 damage)
             ... on Level 10 of the Dungeon.
             The game lasted 00:08:41 (8135 turns).

gw the Basher (Deep Dwarf Gladiator)                Turns: 8135, Time: 00:08:41

HP  -2/92 (94)   AC 19     Str 18      XL: 10   Next: 76%
MP  12/12        EV  5     Int 10      God: Makhleb [***...]
Gold 0           SH  0     Dex 16      Spells:  0 memorised,  9 levels left

rFire  . . .     SeeInvis .     b - +0 hand crossbow
rCold  . . .     Clarity  .     s - +0 plate armour
rNeg   + + .     rCorr    .     (no shield)
rPois  .         rRot     .     c - +1 helmet
rElec  .         Spirit   .     g - +2 cloak
SustAb .         Warding  +     (no gloves)
rMut   .         Stasis   .     (no boots)
Gourm  .                        y - amulet of warding
MR     +....                    o - +7 ring of slaying
                                p - ring of positive energy

@: very slightly contaminated, non-regenerating, somewhat resistant to hostile
enchantments, extremely unstealthy
A: damage resistance, recharge devices, sense surroundings 2, slow healing 3
a: Device Recharging, Minor Destruction, Lesser Servant of Makhleb, Renounce
Religion


You were on level 10 of the Dungeon.
You worshipped Makhleb.
Makhleb was most pleased with you.
You were not hungry.

You visited 2 branches of the dungeon, and saw 11 of its levels.
You also visited: Ossuary.

Inventory:

Hand weapons
 a - a +0 dire flail
 b - a +0 hand crossbow (weapon)
Missiles
 d - 3 throwing nets
 u - 10 bolts of penetration (quivered)
 A - 17 bolts
Armour
 c - a +1 helmet (worn)
 g - a +2 cloak (worn)
 s - a +0 plate armour (worn)
Magical devices
 e - a wand of heal wounds (1)
 t - a wand of draining (2)
 z - a wand of polymorph (13)
Comestibles
 f - 8 bread rations
 j - 9 fruits
 k - 9 slices of pizza
 n - 3 meat rations
 r - a royal jelly
 v - 2 beef jerkies
Scrolls
 h - 7 scrolls of teleportation
 l - 7 scrolls of identify
 m - 2 scrolls of remove curse
 w - a scroll of blinking
 x - a scroll of brand weapon {unknown}
 C - a scroll of enchant weapon {unknown}
 D - a scroll of noise {unknown}
Jewellery
 o - a +7 ring of slaying (right hand)
 p - a ring of positive energy (left hand)
 y - an amulet of warding (around neck)
Potions
 i - 2 potions of haste
 q - 2 potions of curing


   Skills:
 + Level 7.5 Fighting
 * Level 11.4 Maces & Flails
 + Level 3.0 Crossbows
 - Level 1.7 Throwing
 + Level 8.5 Armour
 - Level 3.2 Dodging
 + Level 4.8 Invocations


You had 9 spell levels left.
You didn't know any spells.

Dungeon Overview and Level Annotations

Branches:
Dungeon (10/15)            Temple (1/1) D:4             Orc (0/4) D:9
   Lair (0/8) D:9

Altars:
Ashenzari
Cheibriados
Dithmenos
Elyvilon
Kikubaaqudgha
Makhleb
Nemelex Xobeh
Okawaru
Qazlal
Sif Muna
Trog
Vehumet
Xom
Yredelemnul
Zin
The Shining One

Shops:
D:9 (


Innate Abilities, Weirdness & Mutations

You are resistant to damage.
You can recharge devices by infusing magical energy.
You passively map the area around you.
You do not heal naturally.


Message History

MOVING TO (-1,0)
The kobold hits you but does no damage.
MOVING TO (8,-1)
The troll skeleton bites you but does no damage.
The troll skeleton claws you but does no damage. x2
The hill giant hits you with a giant spiked club!!
MOVING TO (7,-2)
The troll skeleton bites you but does no damage.
The troll skeleton claws you but does no damage. x2
MOVING TO (6,-2) MOVING TO (5,-2) MOVING TO (4,-2) MOVING TO (3,-2) MOVING TO (2,-1) MOVING TO (1,-1)
There is an open door here.
MOVING TO (-8,1)
The kobold hits you but does no damage.
The hill giant hits you with a giant spiked club!
You die...

############# ##########
#...........# #........#
#...........######........##
#...........#....'........##
#...........#.####........'.
#..........Z#.# #........##
#.......(..K'.# #..$.....#
#.........Cg### #........#
#...........# #........#
#...........# ######'###
####+######## #.....# *
##'####### * ,,** #.)).....#
* #........# #####+##
#........# #......#
#####........##


You could see a hill giant, a kobold and a troll skeleton.

Table legend:
 A = Turns spent in this place as a percentage of turns spent in the entire game.
 B = Non-inter-level travel turns spent in this place as a percentage of non-inter-level travel turns spent in the entire game.
 C = Inter-level travel turns spent in this place as a percentage of turns spent in this place.
 D = Turns resting spent in this place as a percentage of non-inter-level travel turns spent in this place.
 E = Turns spent auto-exploring this place as a percentage of non-inter-level travel turns spent in this place.
 F = Non-inter-level travel turns spent in this place divided by the number of levels of this place that you've seen.
                   A       B       C       D       E      F
               +-------+-------+-------+-------+-------+----------------------
         Total | 100.0 | 100.0 |   1.1 |   0.1 |  10.1 | 391.2
       Dungeon |  90.2 |  90.1 |   1.2 |   0.0 |  10.2 | 423.0
        Temple |   0.8 |   0.8 |   2.5 |   0.0 |  17.9 |  39.0
       Ossuary |   9.0 |   9.1 |   0.0 |   0.5 |   8.2 | 426.0
               +-------+-------+-------+-------+-------+----------------------

Table legend:
 A = Kills in this place as a percentage of kills in entire the game.
 B = Kills by you in this place as a percentage of kills by you in the entire game.
 C = Kills by friends in this place as a percentage of kills by friends in the entire game.
 D = Other kills in this place as a percentage of other kills in the entire game.
 E = Experience gained in this place as a percentage of experience gained in the entire game.
 F = Experience gained in this place divided by the number of levels of this place that you have seen.
                   A       B       C       D       E      F
               +-------+-------+-------+-------+-------+----------------------
         Total | 100.0 | 100.0 |  -nan |  -nan | 100.0 | 808.8
       Dungeon |  89.2 |  89.2 |  -nan |  -nan |  93.6 | 908.8
       Ossuary |  10.8 |  10.8 |  -nan |  -nan |   6.4 | 618.0
               +-------+-------+-------+-------+-------+----------------------

Vanquished Creatures
  A gargoyle (D:10)
  Grinder (D:6)
  3 trolls
  2 hogs (D:7)
  Eustachio (D:6)
  A hungry ghost (D:8)
  A deep elf mage (D:10)
  2 hippogriffs
  A human (D:7)
  Menkaure (D:6)
  A water moccasin (D:9)
  A black bear (D:6)
  3 sky beasts
  2 necrophages (D:10)
  2 ice beasts
  4 centaurs
  4 orc warriors
  2 phantoms
  An ogre (D:4)
  3 big kobolds
  3 giant frogs
  3 scorpions
  5 wights (D:7)
  8 crimson imps
  A quasit (D:8)
  5 bog bodies (Ossuary)
  A centaur zombie (D:5)
  5 electric eels
  3 giant frog zombies (Ossuary)
  3 jellies
  5 orc priests
  3 hounds
  5 iguanas
  8 orc wizards
  2 sheep (D:7)
  A worker ant (D:4)
  An ogre zombie (Ossuary)
  Ijyb (D:6)
  Terence (D:3)
  8 mummies (Ossuary)
  A worker ant zombie (Ossuary)
  9 adders
  A scorpion zombie (Ossuary)
  An inept feature mimic (D:3)
  3 goliath beetle zombies (Ossuary)
  2 shadow imps
  3 worms
  2 adder zombies
  An orc skeleton (D:9)
  2 adder skeletons
  7 giant geckos
  An ooze (D:4)
  50 orcs
  A ball python (D:1)
  11 bats
  A bat zombie (Ossuary)
  8 giant cockroaches
  11 hobgoblins
  5 jackals
  28 kobolds
  A quokka (D:5)
  A giant cockroach zombie (Ossuary)
  A giant gecko zombie (D:7)
  6 giant newts
  A giant newt zombie (Ossuary)
  11 goblins
  A goblin zombie (Ossuary)
  A hobgoblin zombie (Ossuary)
  2 kobold zombies (Ossuary)
  12 rats
  2 rat zombies (Ossuary)
  A plant (D:7)
297 creatures vanquished.

Vanquished Creatures (others)
  A smoke demon (D:10)
  2 ynoxinuls (D:10)
  5 ufetubi (D:10)
  A giant newt (D:7)
  A plant (D:7)
10 creatures vanquished.

Grand Total: 307 creatures vanquished

Notes
Turn   | Place    | Note
--------------------------------------------------------------
     0 | D:1      | gw, the Deep Dwarf Gladiator, began the quest for the Orb.
     0 | D:1      | Reached XP level 1. HP: 19/19 MP: 1/1
   183 | D:1      | Reached XP level 2. HP: 24/26 MP: 2/2
   276 | D:1      | Reached skill level 1 in Armour
   918 | D:2      | Reached XP level 3. HP: 14/32 MP: 3/3
  1130 | D:2      | Reached skill level 4 in Maces & Flails
  1421 | D:3      | Found a shadowy altar of Dithmenos.
  1640 | D:3      | Reached XP level 4. HP: 33/40 MP: 4/4
  2232 | D:3      | Noticed Terence
  2241 | D:3      | Killed Terence
  2241 | D:3      | Reached XP level 5. HP: 16/48 MP: 5/5
  2561 | D:4      | Reached skill level 5 in Maces & Flails
  2592 | D:4      | Reached XP level 6. HP: 38/56 MP: 6/6
  2681 | D:4      | Noticed a phantom
  2713 | D:4      | Killed a phantom
  2754 | D:4      | Found a staircase to the Ecumenical Temple.
  2807 | Temple   | Entered the Ecumenical Temple
  2927 | D:4      | Reached skill level 6 in Maces & Flails
  3041 | D:4      | Noticed an ogre
  3048 | D:4      | Killed an ogre
  3048 | D:4      | Reached XP level 7. HP: 28/63 MP: 7/7
  3227 | D:5      | Entered Level 5 of the Dungeon
  3291 | D:5      | Found an ancient bone altar of Kikubaaqudgha.
  3530 | D:5      | Found a snail-covered altar of Cheibriados.
  3892 | D:6      | Noticed Ijyb
  3917 | D:6      | Killed Ijyb
  3953 | D:6      | Reached skill level 7 in Maces & Flails
  4031 | D:6      | Reached XP level 8. HP: 44/73 MP: 6/6
  4052 | D:6      | Reached skill level 5 in Armour
  4073 | D:6      | Found a basalt altar of Yredelemnul.
  4107 | D:6      | Noticed Menkaure
  4119 | D:6      | Killed Menkaure
  4119 | D:6      | Reached skill level 8 in Maces & Flails
  4134 | D:6      | Noticed Grinder
  4138 | D:6      | Reached skill level 5 in Fighting
  4158 | D:6      | Killed Grinder
  4165 | D:6      | Noticed Eustachio
  4185 | D:6      | Killed Eustachio
  4221 | D:6      | Reached skill level 9 in Maces & Flails
  4319 | D:6      | Found a sand-covered staircase.
  4326 | Ossuary  | Entered an ossuary
  4334 | Ossuary  | Gained mutation: You passively map the area around you. [level up]
  4334 | Ossuary  | Reached XP level 9. HP: 29/81 MP: 6/6
  4968 | D:7      | Reached skill level 10 in Maces & Flails
  5204 | D:7      | Found a burning altar of Makhleb.
  5205 | D:7      | Found a radiant altar of Vehumet.
  5217 | D:7      | Became a worshipper of Makhleb the Destroyer
  5402 | D:7      | Reached skill level 1 in Invocations
  5658 | D:8      | Acquired Makhleb's first power
  5858 | D:8      | Reached XP level 10. HP: 32/92 MP: 8/8
  6806 | D:9      | Acquired Makhleb's second power
  6814 | D:9      | Found a staircase to the Orcish Mines.
  6896 | D:9      | Reached skill level 1 in Crossbows
  6917 | D:9      | Found a glowing silver altar of Zin.
  6986 | D:9      | Found Schosu Frozo's Weapon Shop.
  7085 | D:9      | Found a shimmering altar of Xom.
  7103 | D:9      | Found a staircase to the Lair.
  7130 | D:9      | Reached skill level 11 in Maces & Flails
  7134 | D:9      | Acquired Makhleb's third power
  7175 | D:9      | Found an ancient bone altar of Kikubaaqudgha.
  7177 | D:9      | Found a shattered altar of Ashenzari.
  7437 | D:9      | Found a stormy altar of Qazlal.
  7548 | D:10     | Entered Level 10 of the Dungeon
  7996 | D:10     | Noticed a tengu warrior
  7999 | D:10     | Noticed a tengu warrior
  8120 | D:10     | Noticed a hill giant
  8135 | D:10     | Slain by a hill giant

Action                   |  1- 3 |  4- 6 |  7- 9 | 10-12 || total
-------------------------+-------+-------+-------+-------++-------
Melee: Flail             |   166 |   213 |   155 |       ||   534
       Morningstar       |       |       |     9 |       ||     9
       Dire flail        |       |       |   355 |   199 ||   554
 Fire: Hand crossbow     |       |       |       |    34 ||    34
Invok: Lesser Servant of |       |       |       |     3 ||     3
 Abil: Device Recharging |       |       |     5 |     1 ||     6
Evoke: Wand              |     1 |     2 |    21 |     6 ||    30
  Use: Scroll            |     6 |     2 |     7 |     3 ||    18
       Potion            |     4 |     1 |     9 |     5 ||    19
  Eat: Chunk             |     3 |     5 |     9 |     5 ||    22
       Bread ration      |       |       |       |     1 ||     1

Vault maps used:
D:1:      dpeg_arrival_erosion
D:3:      lemuel_doored_altar, first_bread, uniq_terence
D:4:      temple_doors_e, minmay_joined_circles
D:5:      cheibriados_altar_1, basic_altar
D:6:      kennysheep_mini_moat, fedhas_altar_decomposition, enter_ossuary_1,
          grunt_ministairs_13, uniq_menkaure, uniq_sigmund, uniq_iyjb,
          uniq_eustachio, uniq_grinder
D:7:      grunt_temple_overflow_lords_of_destruction, grunt_livestock,
          serial_bayou_lake_a
D:8:      nrook_pool_corridor
D:9:      lemuel_crystal_altar, nicolae_overflow_hidden_temple, kennysheep_mini,
          hiddenorc2_lemuel, lair_0_dummy, serial_shops, shop
D:10:     kennysheep_generic_room_12
Temple:   circular_temple_6
Ossuary:  ossuary_zaba_flooded
